 Dungeon Crawl Stone Soup version 0.29-a0-847-g24c0ca63c9 (webtiles) character file.

Game seed: 16290269353032835147

43 Malachi the Cudgeller (level 3, -2/31 HPs)
             Began as a Ghoul Fighter on July 16, 2022.
             Slain by a hobgoblin (3 damage)
             ... led by Robin
             ... on level 2 of the Dungeon.
             The game lasted 00:01:21 (1454 turns).

Malachi the Cudgeller (Ghoul Fighter)               Turns: 1454, Time: 00:01:21

Health: -2/31      AC:  6    Str: 21    XL:     3   Next: 58%
Magic:  2/2        EV:  9    Int:  3    God:
Gold:   80         SH:  4    Dex:  8    Spells: 2/2 levels left

rFire   . . .      SeeInvis .   a - +0 flail
rCold   + . .      Faith    .   c - +0 buckler
rNeg    + + +      Spirit   .   b - +0 scale mail
rPois   ∞          Reflect  .   (no helmet)
rElec   .          Harm     .   (no cloak)
rCorr   .          Rampage  .   (no gloves)
Will    .....                   (no boots)
Stlth   ..........              (no amulet)
HPRegen 0.00/turn               (no ring)
MPRegen 0.08/turn               (no ring)

@: mighty, inhibited regen
A: claws 1, cold resistance 1, negative energy resistance 3, inhibited
regeneration, torment resistance 2, devour on kill
a: no special abilities


You were on level 2 of the Dungeon.
You visited 1 branch of the dungeon, and saw 2 of its levels.

You collected 80 gold pieces.

Inventory:

Hand Weapons
 a - a +0 flail (weapon)
Armour
 b - a +0 scale mail (worn)
 c - a +0 buckler (worn)
Jewellery
 g - a ring of ice
Scrolls
 f - a scroll of blinking {unknown}
 h - a scroll of enchant weapon {unknown}
 i - a scroll of poison {unknown}
 j - a scroll of teleportation {unknown}
 k - 3 scrolls of silence {unknown}
 l - a scroll of identify {unknown}
Potions
 d - a potion of might
 e - a potion of cancellation {unknown}


   Skills:
 - Level 3.2 Fighting
 + Level 3.5 Maces & Flails
 - Level 2.6 Armour
 - Level 2.6 Shields


You had 2 spell levels left.
You didn't know any spells.
Your spell library was empty.

Dungeon Overview and Level Annotations

Branches:
Dungeon (2/15)

Altars:

Shops:
D:2 [

Annotations:
D:2 Robin


Innate Abilities, Weirdness & Mutations

You are immune to poison.
You have sharp fingernails.
Your flesh is cold resistant. (rC+)
You are immune to negative energy. (rN+++)
You do not regenerate when monsters are visible.
You are immune to unholy pain and torment.
You thrive by killing the living.


Message History

You hit the goblin but do no damage.
The goblin is moderately wounded.
The goblin hits you but does no damage.
You sock the goblin!
You kill the goblin!
You feel better.
You hit the hobgoblin.
The hobgoblin is heavily wounded.
Robin throws the goblin at you! The hobgoblin closely misses you.
You block the goblin's attack.
You closely miss the hobgoblin.
The hobgoblin is heavily wounded.
The hobgoblin barely misses you. The goblin hits you with a +0 club.
You closely miss the hobgoblin.
The hobgoblin is heavily wounded.
Robin throws the goblin at you! The hobgoblin hits you.
The goblin hits you but does no damage. x2; The goblin hits you with a +0 club.
You block the hobgoblin's attack. The goblin hits you with a +0 dagger.
You are too injured to fight recklessly!
You are too injured to fight recklessly!
You are too injured to fight recklessly!
You are too injured to fight recklessly!
You barely miss the goblin. The hobgoblin barely misses you.
You block the goblin's attack. The goblin barely misses you.
You barely miss the goblin.
The hobgoblin hits you but does no damage.
The goblin completely misses you. The goblin barely misses you.
Unknown command.
You feel very mighty all of a sudden. The hobgoblin hits you.
* * * LOW HITPOINT WARNING * * *
The goblin hits you with a +0 club.
* * * LOW HITPOINT WARNING * * *
The goblin barely misses you.
You closely miss the goblin. The hobgoblin barely misses you.
The goblin hits you with a +0 club.
* * * LOW HITPOINT WARNING * * *
The goblin hits you but does no damage. The goblin completely misses you.
The hobgoblin hits you.
You die...

#....#.#.# #.##.#.#.# #.##.#.#.#
#..... .#.##'#.#.#
#.....#.#......#.# ######## ####
#.....#.#......#.###8.8.8.. ..#
.....#)#............⌠.⌠.## ...
....#.#gg###......8.∩.8..
..###.##....##@# #.....#.⌠.⌠.##
#.#.......†.##g# #......8.8.8..
###.# #.....##g###..........^†.
....#####.#.#.##gg...†gg.........
..........#.#...g................
...########.####.....#...........
...'..# #..........#.....###...
...##.########......##.....###...
....................+............


You could see Robin, 3 hobgoblins and 3 goblins.

Vanquished Creatures
  4 dart slugs
  2 ball pythons
  5 bats
  An endoplasm (D:2)
  3 giant cockroaches
  6 goblins
  5 hobgoblins
  A quokka (D:1)
  2 frilled lizards (D:2)
29 creatures vanquished.

Notes
Turn   | Place    | Note
-------+----------+-------------------------------------------
     0 | D:1      | Malachi the Ghoul Fighter began the quest for the Orb.
     0 | D:1      | Reached XP level 1. HP: 19/19 MP: 0/0
    25 | D:1      | Found a faded altar of an unknown god.
   296 | D:1      | Reached XP level 2. HP: 20/26 MP: 1/1
   780 | D:2      | Reached XP level 3. HP: 27/31 MP: 2/2
  1302 | D:2      | Found Junnach's Antique Armour Shoppe.
  1397 | D:2      | Noticed Robin
  1454 | D:2      | HP: 1/31 [goblin/+0 club[Robin] (3)]
  1454 | D:2      | Slain by a hobgoblin

Illustrated notes

Levels and vault maps discovered:
D:1:      dpeg_arrival_pits, layout_loops_cross, shapermc_ecumenical_altar_venn
D:2:      layout_basic, serial_shops,
          nicolae_shop_temple_entry_statues_fountains, uniq_robin

Skill      XL: |  1  2 |
---------------+-------+-----
Maces & Flails | 2 3 |  3.5
Fighting       | |  3.2
Armour         | |  2.6
Shields        | |  2.6

Action                   || total
-------------------------++-------
Melee: Flail             ||   123
  Use: Potion            ||     1
Armor: Scale mail        ||    59
Dodge: Dodged            ||    73
Block: Buckler           ||    32

Table legend: (Time is in decaauts)
 A = Elapsed time spent in this place.
 B = Non-inter-level travel time spent in this place.
 C = Inter-level travel time spent in this place.
 D = Time resting spent in this place.
 E = Time spent auto-exploring this place.
 F = Levels seen in this place.
 G = Mean time per level.
                   A        B        C        D        E       F      G
               +--------+--------+--------+--------+--------+-----+--------+
         Total |   1489 |   1462 |     27 |      0 |   1154 |   2 |  744.5 |
       Dungeon |   1489 |   1462 |     27 |      0 |   1154 |   2 |  744.5 |
               +--------+--------+--------+--------+--------+-----+--------+

Top non-repeatable levels by time:
     D:2: 880 daAuts
     D:1: 608 daAuts
